[Event "Live Chess"]
[Site "Chess.com"]
[Date "2024.06.01"]
[Round "-"]
[White "StoreySniper"]
[Black "Queensandpawns"]
[Result "1-0"]
[WhiteElo "2536"]
[BlackElo "2378"]
[TimeControl "300"]
[EndTime "13:07:25 PDT"]
[Termination "StoreySniper won by resignation"]

1. c4 c5 2. g3 g6 3. Bg2 Bg7 4.
Nc3 Nc6 5. Nf3 Nf6 6. d4 O-O 7. d5 Nb8 8. e4 d6 9. h3 a6 10. a4 Nbd7 11. O-O Rb8 12. Bg5 h6 13. Bf4 g5 14.
Be3 Nb6 15. b3 e5 16. Qd2 Nxe4 17. Nxe4 f5 18. Nxc5 dxc5 19. Bxc5 Re8 20. Rfe1 e4 21. Nd4 Nd7 22. Bd6 Ra8 23. Ne6 Qb6 24. Nxg7 Kxg7 25.
c5 Qd8 26. Qd4+ Nf6 27. Be5 Kf7 28. d6 Be6 29. b4 Nd7 30. f3 Nxe5 31. Qxe5 Bd7 32.
Qd5+ Be6 33. Qxb7+ Qd7 1-0

[Event "Live Chess"]
[Site "Chess.com"]
[Date "2024.06.01"]
[Round "-"]
[White "nitrofish07"]
[Black "Sweet-O"]
[Result "1-0"]
[WhiteElo "2103"]
[BlackElo "1550"]
[TimeControl "300"]
[EndTime "13:07:26 PDT"]
[Termination "nitrofish07 won by resignation"]

1. e4 e5 2. Nf3 Nf6 3. Bc4 Bc5 4.
O-O d6 5. c3 Bg4 6. d4 exd4 7.
cxd4 Bb6 8. e5 dxe5 9. Bxf7+ Kxf7 10. Nxe5+ Kg8 11. Qb3+ Nd5 12. Nxg4 c6 13. Ne3 Bxd4 14. Nc3 Kf8 15. Ncxd5 cxd5 16. Nxd5 Nc6 17. Rd1 Qh4 18. Qf3+ Bf6 19. Nxf6 Qxf6 20. Qxf6+ gxf6 21. Rd7 Rd8 22. Bh6+ Ke8 23. Rxb7 Nd4 24. Re1+ 1-0

[Event "Live Chess"]
[Site "Chess.com"]
[Date "2024.06.01"]
[Round "-"]
[White "PaulHumphreys"]
[Black "Brooms1989"]
[Result "1-0"]
[WhiteElo "1397"]
[BlackElo "1096"]
[TimeControl "300"]
[EndTime "13:07:26 PDT"]
[Termination "PaulHumphreys won by resignation"]

1. d4 Nf6 2. Nc3 d5 3. Bf4 c5 4. e3 cxd4 5. exd4 a6 6. Nf3 Qb6 7. Rb1 Bd7 8. a3 e6 9. Be2 Bd6 10.
Bg3 O-O 11. Ne5 Bxe5 12. dxe5 Ne4 13. Nxe4 dxe4 14. O-O Nc6 15. Qxd7 1-0

[Event "Live Chess"]
[Site "Chess.com"]
[Date "2024.06.01"]
[Round "-"]
[White "TigerTank70"]
[Black "imchessive"]
[Result "1-0"]
[WhiteElo "2214"]
[BlackElo "1597"]
[TimeControl "300"]
[EndTime "13:07:31 PDT"]
[Termination "TigerTank70 won by resignation"]

1. e4 c5 2. d4 cxd4 3. c3 dxc3 4. Nxc3 e6 5. Nf3 a6 6. Bc4 Qc7 7. Qe2 Nf6 8. O-O b5 9. Bd3 Bb7 10. Bg5 Be7 11. Rac1 Nc6 12. e5 Ng4 13. Bxe7 Kxe7 14. Ne4 Ngxe5 15. Bb1 Nxf3+ 16. Qxf3 Qe5 17. Rfe1 Nd4 18.
Qa3+ d6 19. Rc7+ Kd8 20. Rxb7 Nf5 21. Qa5+ Ke8 22. Qc7 1-0

[Event "Live Chess"]
[Site "Chess.com"]
[Date "2024.06.01"]
[Round "-"]
[White "f4nomore"]
[Black "alicechristina"]
[Result "0-1"]
[WhiteElo "1205"]
[BlackElo "1842"]
[TimeControl "300"]
[EndTime "13:07:50 PDT"]
[Termination "alicechristina won by resignation"]

1. d4 d5 2. Nc3 e6 3. Nf3 c5 4. e3 c4 5. Be2 Nc6 6. O-O Nf6 7. Bd2 Bd6 8. b3 cxb3 9. cxb3 O-O 10. h3 Ne4 11. Nb5 Bb8 12. Bd3 Nxd2 13. Qxd2 a6 14.
Nc3 Nb4 15. Be2 Nc6 16. a3 b5 17. b4 Bb7 18. Rac1 Qd6 19. Bd3 Ne7 20. g3 Ng6 21.
Bxg6 hxg6 22. Ne5 Kh7 23. Qe2 f6 24. Nf3 Rh8 25. h4 Kg8 26. Nxb5 axb5 27. Qxb5 Ba6 28.
Qe8+ Kh7 29. Qa4 Bc7 30. Rc6 Qd7 31. Rxa6 Qxa4 32. Rxa4 Rxa4 33. Rc1 Bd6 34. b5 Rxa3 35. Rc6 Rd8 36. b6 Rb3 37. Nd2 Rb2 38. Nf3 e5 39. dxe5 Bxe5 40. Kg2 Rb8 41. Nxe5 fxe5 42. Rd6 Rb5 43. Re6 e4 44. Kh3 R8xb6 45. Re7 Rb2 46. f4 exf3 47. Rf7 Rf6 0-1

[Event "Live Chess"]
[Site "Chess.com"]
[Date "2024.06.01"]
[Round "-"]
[White "FlyingChessKestrel13"]
[Black "Tushinskiy"]
[Result "0-1"]
[WhiteElo "2074"]
[BlackElo "2268"]
[TimeControl "300"]
[EndTime "13:08:06 PDT"]
[Termination "Tushinskiy won by resignation"]

1. Nf3 d5 2. g3 c6 3. Bg2 Nf6 4.
O-O Qc7 5. d3 e5 6. Nbd2 Bg4 7.
h3 Bh5 8. c4 d4 9. g4 Bg6 10. a3 Nbd7 11. b4 Be7 12. c5 O-O 13. Nc4 Rae8 14. g5 Nh5 15. Nh4 Nf4 16. Bxf4 exf4 17.
Nxg6 hxg6 18. h4 Ne5 19. Nxe5 Qxe5 20. Rc1 Bd8 21. Re1 Bc7 22. Bf3 Qf5 23. Kg2 f6 24. gxf6 Rxf6 25. Rg1 Rfe6 26. Kf1 Qh3+ 27. Ke1 Qxf3 28.
h5 Rxe2+ 0-1

[Event "Live Chess"]
[Site "Chess.com"]
[Date "2024.06.01"]
[Round "-"]
[White "RichardABates"]
[Black "chessgoatpawel"]
[Result "1/2-1/2"]
[WhiteElo "2213"]
[BlackElo "1990"]
[TimeControl "300"]
[EndTime "13:08:27 PDT"]
[Termination "Game drawn by repetition"]

1. d4 Nf6 2. Nf3 g6 3. g3 Bg7 4. c4 O-O 5. Bg2 d5 6. cxd5 Nxd5 7. O-O c6 8. e4 Nf6 9. Nc3 Nbd7 10. h3 Re8 11.
Be3 e5 12. dxe5 Nxe5 13. Nxe5 Qxd1 14. Raxd1 Rxe5 15. f4 Re8 16. e5 Nh5 17. Bf2 f6 18.
Rfe1 fxe5 19. fxe5 Rxe5 20. Rd8+ Kf7 21. Ne4 Ke7 22.
Red1 Rd5 23. R8xd5 cxd5 24. Rxd5 Bxb2 25. g4 Nf4 26.
Bh4+ Ke8 27. Nd6+ Kf8 28. Rd2 Nxg2 29. Kxg2 Be5 30. Rf2+ Kg8 31. Nf7 Bg7 32. Bg5 Be6 33. Nh6+ Bxh6 34. Bxh6 Rc8 35. Kg3 Rc3+ 36. Kf4 Bf7 37.
Rd2 Rc8 38. Rd7 Rb8 39. a4 a5 40. Ke5 b5 41. axb5 Rxb5+ 42. Kf6 Rb6+ 43. Kg5 Rb5+ 44. Kh4 Rb8 45. Ra7 a4 46. Rxa4 Be6 47. Ra7 Bf7 48.
Bf4 Re8 49. Kg5 Bc4 50. Kh6 Bf7 51. Bd6 Rd8 52. Be7 Re8 53. Bf6 Re6 54. Ra8+ Re8 55. Ra7 Re6 56. Ra8+ Re8 57. Ra7 1/2-1/2

[Event "Live Chess"]
[Site "Chess.com"]
[Date "2024.06.01"]
[Round "-"]
[White "PureDashingOctopus"]
[Black "GoldsmanB"]
[Result "1-0"]
[WhiteElo "2269"]
[BlackElo "1088"]
[TimeControl "300"]
[EndTime "13:08:41 PDT"]
[Termination "PureDashingOctopus won by resignation"]

1. e4 e6 2. d4 d5 3. Nd2 c5 4.
Ngf3 Nc6 5. exd5 exd5 6. Bb5 Bd6 7. dxc5 Bxc5 8. Nb3 Bd6 9. O-O Nf6 10. Re1+ Be6 11. Nbd4 Qe7 12. Nxc6 bxc6 13. Bxc6+ Bd7 14. Bxa8 1-0

[Event "Live Chess"]
[Site "Chess.com"]
[Date "2024.06.01"]
[Round "-"]
[White "cymbalshift"]
[Black "NeilDruggan73"]
[Result "0-1"]
[WhiteElo "1658"]
[BlackElo "1756"]
[TimeControl "300"]
[EndTime "13:08:44 PDT"]
[Termination "NeilDruggan73 won by checkmate"]

1. d4 Nf6 2. c4 g6 3. Nc3 Bg7 4. e4 d6 5. f3 O-O 6. Nge2 b6 7. Be3 c5 8. d5 Nbd7 9. h4 h5 10. Nf4 Ne5 11. Be2 Ba6 12. Qa4 Qc8 13. g4 hxg4 14. h5 gxf3 15. hxg6 fxe2 16. gxf7+ Kxf7 17.
Ne6 Rh8 18. Kxe2 Nxc4 19. Ng5+ Kg6 20. Nb5 Nxe3 21. Kxe3 Rxh1 22. Rxh1 Kxg5 23. Rg1+ Kh6 24. e5 Qh3+ 25. Kf2 Qf5+ 26. Ke1 Qxe5+ 27. Kd1 Qxd5+ 28. Kc1 Ne4 29. Nc7 Qd2+ 30. Kb1 Qxb2# 0-1

[Event "Live Chess"]
[Site "Chess.com"]
[Date "2024.06.01"]
[Round "-"]
[White "Delacorta"]
[Black "ShanthamGrarks"]
[Result "1-0"]
[WhiteElo "1561"]
[BlackElo "1832"]
[TimeControl "300"]
[EndTime "13:08:58 PDT"]
[Termination "Delacorta won by resignation"]

1. d4 Nf6 2. Nf3 e6 3. e3 d5 4. Bd3 c5 5. b3 Nc6 6. Bb2 cxd4 7. exd4 Bd6 8. Ne5 Qc7 9. f4 O-O 10. O-O h6 11. Nd2 Ne4 12. Nxe4 dxe4 13. Bxe4 f5 14. Bd3 Nxe5 15. fxe5 Be7 16. c4 b6 17. Be2 Bb7 18. Bf3 Rad8 19. Bxb7 Qxb7 20. Qf3 Qxf3 21.
Rxf3 Bg5 22. Rd1 Rd7 23. Rfd3 Rfd8 24. d5 exd5 25. cxd5 Rc7 26. d6 Rc2 27. Bc3 Rxa2 28. e6 Re2 29. e7 Rd7 30. R3d2 Bxd2 31. Rxd2 Rxd2 32. e8=Q+ Kh7 33. Qxd7 Rxd6 34. Qxf5+ Rg6 35. h4 h5 36. Kf2 a5 37. Qxh5+ Rh6 38. Qf5+ Rg6 39.
g4 Kh6 40. Bd2+ Kh7 41. h5 Kg8 42. Qxg6 a4 43. Bc3 1-0

[Event "Live Chess"]
[Site "Chess.com"]
[Date "2024.06.01"]
[Round "-"]
[White "Dhaydon19"]
[Black "JanMur7"]
[Result "1-0"]
[WhiteElo "2666"]
[BlackElo "2314"]
[TimeControl "300"]
[EndTime "13:09:22 PDT"]
[Termination "Dhaydon19 won by resignation"]

1. d4 Nf6 2. Nf3 d5 3. g3 e6 4. Bg2 b6 5. O-O Bb7 6. c4 dxc4 7. Qa4+ Nbd7 8. Qxc4 Be7 9. Nc3 O-O 10. Rd1 Rc8 11. Bf4 c5 12. dxc5 Bxc5 13. Qa4 a5 14. Ne5 Rc7 15. Nxd7 Rxd7 16. Bxb7 1-0

[Event "Live Chess"]
[Site "Chess.com"]
[Date "2024.06.01"]
[Round "-"]
[White "matt1979"]
[Black "LL220284LL"]
[Result "0-1"]
[WhiteElo "1387"]
[BlackElo "2543"]
[TimeControl "300"]
[EndTime "13:09:31 PDT"]
[Termination "LL220284LL won by resignation"]

1. f4 d6 2. Nf3 g6 3. e3 Bg7 4. Bc4 Nf6 5. d3 d5 6. Bb3 c5 7. O-O Nc6 8. Ba4 O-O 9. Bxc6 bxc6 10. Ne5 Qc7 11. Qe1 Nd7 12. Nxd7 Bxd7 13. c3 Rab8 14. e4 c4 15. d4 dxe4 16. Qxe4 c5 17. Qe3 cxd4 18.
cxd4 Rfd8 19. Nc3 Bf5 20. Ne2 Bd3 21. Qf3 Bxe2 22. Qxe2 Bxd4+ 23. Be3 Rxb2 24. Qf3 Bxe3+ 25. Qxe3 Rdd2 26. Qf3 c3 27. f5 Qc5+ 28. Kh1 Rxg2 29.
Qxg2 Rxg2 30. Kxg2 gxf5 31. Rac1 Qd5+ 32. Rf3 Qxa2+ 33. Kg3 Qd2 34. Rcxc3 e5 35. Rc8+ Kg7 36. Rxf5 Qd7 0-1

[Event "Live Chess"]
[Site "Chess.com"]
[Date "2024.06.01"]
[Round "-"]
[White "MaximKovalenko83"]
[Black "booktrunk"]
[Result "1-0"]
[WhiteElo "2240"]
[BlackElo "1388"]
[TimeControl "300"]
[EndTime "13:09:39 PDT"]
[Termination "MaximKovalenko83 won by resignation"]

1. d4 e6 2. Nf3 Nf6 3. g3 b6 4.
Bg2 Bb7 5. O-O Bb4 6. c3 Bd6 7. c4 O-O 8. Nc3 c5 9. d5 exd5 10. cxd5 Re8 11. Re1 Ne4 12. Nd2 Nxc3 13. bxc3 Re7 14.
e4 Qf8 15. Nc4 Be5 16. Bd2 d6 17. f4 Bf6 18. Nxd6 Ba6 19. e5 Bxe5 20. fxe5 Nd7 21. Bf4 h6 22. Nf5 Ree8 23. Qg4 g5 24. h4 Kh7 25.
hxg5 Qg8 26. Nxh6 Qg6 27. Be4 1-0

[Event "Live Chess"]
[Site "Chess.com"]
[Date "2024.06.01"]
[Round "-"]
[White "GEMdzq"]
[Black "Kyrylo7770"]
[Result "1-0"]
[WhiteElo "2266"]
[BlackElo "1669"]
[TimeControl "300"]
[EndTime "13:09:54 PDT"]
[Termination "GEMdzq won by resignation"]

1. e4 c6 2. d4 d5 3. e5 Bf5 4.
h4 h5 5. c4 e6 6. Nc3 Bb4 7.
Bd3 Bxc3+ 8. bxc3 Bg4 9. Qb3 b6 10. cxd5 exd5 11. Ne2 Ne7 12. Bg5 O-O 13. O-O Qd7 14.
Bxe7 Qxe7 15. g3 Bh3 16. Rfe1 Qe6 17. Nf4 Qg4 18. Be2 Qf5 19. Nxh3 Qxh3 20. Bxh5 g6 21. Bf3 Kg7 22. Bg2 Qg4 23. Qd1 Qf5 24. Rc1 g5 25. Qc2 Qg4 26. Qe2 Qf5 27. h5 Rh8 28.
Bf3 Nd7 29. Bg4 Qe4 30. Qxe4 dxe4 31. Bxd7 Rxh5 32. Bxc6 Rah8 33. Bxe4 g4 34. Bg2 a5 35. d5 Rc8 36. d6 1-0

[Event "Live Chess"]
[Site "Chess.com"]
[Date "2024.06.01"]
[Round "-"]
[White "Eva3337"]
[Black "vincents82"]
[Result "0-1"]
[WhiteElo "1153"]
[BlackElo "2095"]
[TimeControl "300"]
[EndTime "13:09:59 PDT"]
[Termination "vincents82 won by resignation"]

1. e4 d5 2. e5 c5 3. c3 Nc6 4.
d4 Bf5 5. Nf3 e6 6. Nh4 Bg6 7.
Nxg6 hxg6 8. Nd2 cxd4 9. cxd4 Nxd4 10. Nf3 Nxf3+ 11. Qxf3 Bb4+ 12. Bd2 Bxd2+ 13. Kxd2 Qa5+ 14.
Kd1 Ne7 15. a4 O-O 16. h4 Qb4 17. Ra2 Rac8 18. Bd3 Qb3+ 19. Kd2 Qxa2 20. h5 Qxb2+ 21. Ke3 Qxe5+ 22. Kd2 Qb2+ 23. Ke3 Nf5+ 24. Bxf5 Qe5+ 25. Kd2 Qxf5 26. Qe2 Rc2+ 0-1

[Event "Live Chess"]
[Site "Chess.com"]
[Date "2024.06.01"]
[Round "-"]
[White "Duke_of_Bebington"]
[Black "defenderalist"]
[Result "1-0"]
[WhiteElo "1598"]
[BlackElo "1506"]
[TimeControl "300"]
[EndTime "13:10:07 PDT"]
[Termination "Duke_of_Bebington won by resignation"]

1. e4 c5 2. c3 d6 3. d4 cxd4 4. cxd4 Nf6 5. Nc3 Bg4 6. Be2 Bxe2 7. Ngxe2 Nc6 8. d5 Ne5 9. O-O g6 10. f4 Nc4 11. b3 Nb6 12. a4 Rc8 13. Bb2 a6 14. a5 Nbd7 15. Na4 Bg7 16. e5 dxe5 17.
fxe5 Ne4 18. e6 Ndc5 19. Bxg7 1-0

[Event "Live Chess"]
[Site "Chess.com"]
[Date "2024.06.01"]
[Round "-"]
[White "koekoekoe"]
[Black "mrsmarple1968"]
[Result "1-0"]
[WhiteElo "2048"]
[BlackElo "1757"]
[TimeControl "300"]
[EndTime "13:10:20 PDT"]
[Termination "koekoekoe won by resignation"]

1. d4 d5 2. Bf4 c6 3. e3 e6 4. c4 Nf6 5. Nc3 Be7 6. Nf3 b6 7.
h3 Bb7 8. Be2 Nbd7 9. O-O O-O 10. Rc1 a6 11. Qb3 Rb8 12. cxd5 exd5 13. Ne5 Rc8 14.
Na4 b5 15. Nc5 Nxc5 16. dxc5 a5 17. a4 b4 18. Bd3 h6 19. Qd1 Ne8 20. Qg4 Nf6 21.
Qe2 Re8 22. Ba6 Bxa6 23. Qxa6 g5 24. Bg3 Ne4 25. Bh2 Nxc5 26. Qa7 Bd6 27. Rxc5 Bxe5 28. Bxe5 Rxe5 29. Qa6 Ra8 30. Qxc6 d4 31. Rxe5 1-0

[Event "Live Chess"]
[Site "Chess.com"]
[Date "2024.06.01"]
[Round "-"]
[White "GwaryTek"]
[Black "aleksl1977"]
[Result "1-0"]
[WhiteElo "1959"]
[BlackElo "1323"]
[TimeControl "300"]
[EndTime "13:10:21 PDT"]
[Termination "GwaryTek won by resignation"]

1. d4 d5 2. c4 c6 3. Nc3 Nf6 4.
Nf3 e6 5. Bg5 Be7 6. Qc2 Nbd7 7.
e3 O-O 8. Bd3 dxc4 9. Bxc4 b5 10.
Bd3 a6 11. O-O Bb7 12. Ne4 c5 13. Nxc5 Nxc5 14. dxc5 Bxf3 15. gxf3 Rc8 16. b4 Nd5 17. Bxe7 Qxe7 18. a3 g6 19. Kh1 Qf6 20. f4 Qh4 21. Rg1 Nf6 22. Qe2 Rfd8 23. Rad1 Rd7 24. Qf3 Rcd8 25.
Be2 Rd2 26. Rxd2 Rxd2 27. Rd1 Rxd1+ 28. Bxd1 Nd5 29. Bb3 Nc3 30. c6 Qd8 31. e4 Na4 32. Bxa4 bxa4 33. Qc3 Qc7 34. Kg2 Kf8 35. Kf3 Ke7 36.
e5 h5 37. Qc5+ Ke8 38. Qd6 Qc8 39. Ke4 Qd8 40. Kd4 h4 41. Kc5 h3 42. c7 Qd7 43.
Qxd7+ Kxd7 44. Kb6 Kc8 45. Kc6 a5 46. b5 g5 47. b6 1-0

[Event "Live Chess"]
[Site "Chess.com"]
[Date "2024.06.01"]
[Round "-"]
[White "grillage"]
[Black "ProfPoisson"]
[Result "1-0"]
[WhiteElo "1869"]
[BlackElo "1277"]
[TimeControl "300"]
[EndTime "13:10:21 PDT"]
[Termination "grillage won by resignation"]

1. d4 e6 2. Nf3 f5 3. g3 Nf6 4.
Bg2 Be7 5. O-O O-O 6. c4 d6 7. Nc3 Ne4 8. Qc2 Nxc3 9. Qxc3 a5 10. b3 Bf6 11. Bb2 c5 12. Qd2 Nc6 13. Rad1 Nb4 14. dxc5 Bxb2 15. Qxb2 Qf6 16. Qxf6 Rxf6 17. cxd6 Bd7 18.
Ne5 Rd8 19. Bxb7 Nxa2 20. c5 Nc3 21. Rd3 Nd5 22. Bxd5 exd5 23. Rxd5 f4 24. Ra1 fxg3 25. hxg3 Re6 26. Rxa5 Rb8 27. Nxd7 Rxb3 28. Ne5 Rb2 29.
Ra8+ 1-0

[Event "Live Chess"]
[Site "Chess.com"]
[Date "2024.06.01"]
[Round "-"]
[White "upoe610"]
[Black "bobby_jamesFischer86"]
[Result "1-0"]
[WhiteElo "2209"]
[BlackElo "1617"]
[TimeControl "300"]
[EndTime "13:10:22 PDT"]
[Termination "upoe610 won by resignation"]

1. e4 c5 2. Nf3 d6 3. d4 cxd4 4.
Nxd4 Nf6 5. Nc3 e6 6. Be3 Nc6 7. f3 Be7 8. Qd2 a6 9. O-O-O Qc7 10. Kb1 O-O 11. g4 Nxd4 12. Bxd4 Nd7 13. Bd3 b5 14. Be3 Ne5 15. Be2 Nc4 16. Bxc4 bxc4 17. Bd4 Bb7 18.
h4 e5 19. Be3 Rab8 20. Nd5 Bxd5 21. Qxd5 Qb7 22. Qxb7 Rxb7 23. Rd5 Rb5 24. Rhd1 Rfb8 25.
Rxb5 Rxb5 26. Kc1 f6 27. h5 h6 28. b3 cxb3 29. axb3 Kf7 30. Kb2 Ke6 31. c4 Rb8 32. Kc3 Ra8 33. Ra1 a5 34. Ra4 Bd8 35. Kc2 Kd7 36.
Bd2 Kc6 37. b4 Bb6 38. bxa5 Bd4 39. Bc3 Kc5 40. Kd3 Bxc3 41. Kxc3 Ra6 42. Ra1 Ra8 43. a6 Ra7 44. Ra5+ Kb6 45. Kb4 Rxa6 46. Rxa6+ Kxa6 47. c5 dxc5+ 48. Kxc5 Kb7 49. Kd6 Kc8 50. Ke7 Kc7 51. Kf8 Kd7 52. Kxg7 Ke6 53. Kxh6 Kf7 54. Kh7 Kf8 55.
Kg6 1-0

[Event "Live Chess"]
[Site "Chess.com"]
[Date "2024.06.01"]
[Round "-"]
[White "peteopeteo"]
[Black "Stanbad1"]
[Result "0-1"]
[WhiteElo "1593"]
[BlackElo "2667"]
[TimeControl "300"]
[EndTime "13:10:24 PDT"]
[Termination "Stanbad1 won by resignation"]

1. e4 d5 2. exd5 Qxd5 3. Nc3 Qa5 4. Nf3 Nf6 5. b4 Qxb4 6. Nb5 Qa5 7. Bc4 e6 8. Bb2 a6 9. Bc3 Qb6 10. Bd4 c5 11. Nc7+ Qxc7 12. Be5 Bd6 13. d4 cxd4 14. Bxd4 Qxc4 15. Bxf6 Bb4+ 16. Nd2 gxf6 17. Rb1 Nc6 18.
Qe2 Qxe2+ 19. Kxe2 Bxd2 20. Kxd2 b5 21. Rbe1 Bb7 22.
f3 O-O-O+ 23. Kc1 Ne5 24. Re3 Nc4 25. Rc3 Kb8 26. Re1 Rhg8 27. g4 Rc8 28. f4 b4 29.
Rb3 a5 30. a3 Nxa3 31. Ree3 Rxc2+ 32. Kd1 Rd8+ 33. Ke1 Rxh2 34. Rxa3 bxa3 35. Rxa3 0-1

[Event "Live Chess"]
[Site "Chess.com"]
[Date "2024.06.01"]
[Round "-"]
[White "agamilewska"]
[Black "LanceMaster23"]
[Result "1/2-1/2"]
[WhiteElo "1767"]
[BlackElo "1840"]
[TimeControl "300"]
[EndTime "13:10:39 PDT"]
[Termination "Game drawn by repetition"]

1. d4 Nf6 2. c4 e6 3. Nc3 Bb4 4. Nf3 c5 5. e3 O-O 6. Be2 d5 7.
dxc5 Nc6 8. O-O a6 9. cxd5 Nxd5 10. Nxd5 exd5 11. a3 Bxc5 12. b4 Be7 13. Bb2 Be6 14. Rc1 Bf6 15. Nd4 Nxd4 16. Bxd4 Bxd4 17. Qxd4 Qe7 18. Bf3 Rfd8 19. h3 h6 20. Rc5 Qd7 21.
Rfc1 Rac8 22. Rxc8 Rxc8 23. Rxc8+ Qxc8 24. Bxd5 Qc1+ 25. Kh2 Qxa3 26. Bxe6 fxe6 27. Qd8+ Kh7 28. Qd6 a5 29.
Qxe6 Qxb4 30. Qf5+ Kg8 31. Qc8+ Kh7 32. Qf5+ Kg8 33.
Qc8+ Kf7 34. Qd7+ Qe7 35. Qd5+ Kf8 36. Qxa5 Qd6+ 37. g3 Qf6 38. Qc5+ Kg8 39. Qd5+ Kh7 40. Qxb7 Qxf2+ 41. Qg2 Qxe3 42. Qc2+ Kg8 43. h4 Kf7 44.
Qc4+ Qe6 45. Qf4+ Qf6 46. Qc7+ Kg6 47. Kg2 Qf5 48. Qd6+ Qf6 49. Qxf6+ Kxf6 50. Kf3 Kg6 51. Kg4 Kf6 52. Kf4 Kg6 53. Kg4 Kf6 54. Kf4 Kg6 55.
Kg4 1/2-1/2

[Event "Live Chess"]
[Site "Chess.com"]
[Date "2024.06.01"]
[Round "-"]
[White "jimwad"]
[Black "Tushinskiy"]
[Result "0-1"]
[WhiteElo "1269"]
[BlackElo "2268"]
[TimeControl "300"]
[EndTime "13:10:41 PDT"]
[Termination "Tushinskiy won by resignation"]

1. d4 d5 2. c4 c6 3. Nc3 Nf6 4. Bf4 e6 5. e3 Bd6 6. Bg5 Nbd7 7. Nf3 Qe7 8. c5 Bb8 9. Ne5 Nxe5 10. dxe5 Bxe5 11.
b4 Bxc3+ 0-1

[Event "Live Chess"]
[Site "Chess.com"]
[Date "2024.06.01"]
[Round "-"]
[White "GoldsmanB"]
[Black "MagnersCarlsberg2870"]
[Result "0-1"]
[WhiteElo "1088"]
[BlackElo "1805"]
[TimeControl "300"]
[EndTime "13:10:48 PDT"]
[Termination "MagnersCarlsberg2870 won by resignation"]

1. d4 Nf6 2. c4 e5 3. dxe5 Ng4 4.
Nf3 Nc6 5. Nc3 Ngxe5 6. Nxe5 Nxe5 7. e4 Bb4 8. Bd2 d6 9. f4 Ng4 10. Be2 h5 11. h3 Nf6 12. a3 Bxc3 13. Bxc3 Nxe4 14.
Qd3 Qh4+ 15. Kd1 Nf2+ 0-1

[Event "Live Chess"]
[Site "Chess.com"]
[Date "2024.06.01"]
[Round "-"]
[White "Thebigsqueeze"]
[Black "Inglaterra"]
[Result "1-0"]
[WhiteElo "2301"]
[BlackElo "2043"]
[TimeControl "300"]
[EndTime "13:10:58 PDT"]
[Termination "Thebigsqueeze won by resignation"]

1. d4 d5 2. Nf3 e6 3. g3 Nf6 4.
Bg2 b5 5. O-O Be7 6. b3 O-O 7.
c4 c6 8. Nc3 a6 9. Ne5 Nfd7 10.
e4 Nxe5 11. exd5 bxc4 12. dxe5 exd5 13. bxc4 d4 14. Ne2 Be6 15. Qxd4 Qxd4 16. Nxd4 Bxc4 17. Rd1 Bd5 18. Bxd5 cxd5 19. Nf5 Re8 20. Rxd5 Nc6 21. Nxe7+ Rxe7 22. f4 f6 23. exf6 Re1+ 24. Kf2 Rae8 25. fxg7 Nb4 26. Rd2 Rh1 27. Kg2 Rhe1 28. Kh3 R1e2 29.
Rxe2 Rxe2 30. a3 Nd3 31. Rb1 Kxg7 32. Rb7+ Kg8 33. Rc7 Nf2+ 34. Kh4 Nd3 35. h3 Ra2 36. Rc3 Nxc1 37. Rxc1 Rxa3 38. f5 Rb3 39. g4 a5 40.
g5 a4 41. Rc8+ Kf7 42. Rc7+ Kg8 43. Ra7 a3 44. f6 Rb4+ 45. Kh5 Rb3 46. h4 Rc3 47.
Kh6 Rc4 48. h5 Rc3 49. Rxh7 a2 50. Ra7 Rc2 51. g6 1-0

[Event "Live Chess"]
[Site "Chess.com"]
[Date "2024.06.01"]
[Round "-"]
[White "TJ-W"]
[Black "Tyslcab"]
[Result "1/2-1/2"]
[WhiteElo "1562"]
[BlackElo "1416"]
[TimeControl "300"]
[EndTime "13:11:07 PDT"]
[Termination "Game drawn - insufficient material"]

1. e4 d5 2. exd5 Nf6 3. d4 Bg4 4.
Be2 Bxe2 5. Nxe2 Qxd5 6. O-O Nc6 7. Nbc3 Qh5 8. Ng3 Qxd1 9. Rxd1 O-O-O 10. Be3 e6 11. a4 Bd6 12. a5 a6 13. d5 exd5 14.
Nxd5 Bxg3 15. Nxf6 Bxh2+ 16. Kxh2 gxf6 17. Rxd8+ Rxd8 18. Ra4 Rd5 19. Rf4 Rxa5 20. Rxf6 Rh5+ 21. Kg3 Ne5 22. Bd4 Rg5+ 23. Kh3 Nc6 24. Be3 Rb5 25.
b3 Nd8 26. Rh6 Kd7 27. Rxh7 Ke6 28. Rh8 Nc6 29. Re8+ Kd7 30. Re4 f5 31. Rh4 Rb4 32. Rxb4 Nxb4 33. c3 Nd5 34. Bd4 b6 35. g4 fxg4+ 36.
Kxg4 c5 37. Bh8 Ke6 38. f4 b5 39. f5+ Kf7 40. Kg5 a5 41. c4 bxc4 42. bxc4 Nb6 43. Bc3 Nxc4 44. Kf4 a4 45. Ke4 a3 46. Kd5 Ne3+ 47.
Kxc5 Nxf5 48. Kb4 a2 49. Kb3 a1=Q 50. Bxa1 1/2-1/2

[Event "Live Chess"]
[Site "Chess.com"]
[Date "2024.06.01"]
[Round "-"]
[White "Grace6363"]
[Black "NottheBishopSacrifice"]
[Result "0-1"]
[WhiteElo "1149"]
[BlackElo "2247"]
[TimeControl "300"]
[EndTime "13:11:09 PDT"]
[Termination "NottheBishopSacrifice won by resignation"]

1. d4 d5 2. c4 e6 3. Nf3 Nf6 4. cxd5 exd5 5. a3 Be7 6. Nc3 O-O 7. Bf4 c6 8. e3 Nbd7 9. Be2 Re8 10. O-O Nf8 11.
Qc2 Ng6 12. Bd3 Nxf4 13. exf4 h6 14. Ne5 Ng4 15. Bh7+ Kf8 16. Nxg4 Bxg4 17. Bf5 Bxf5 18. Qxf5 Kg8 19. Rae1 Bf6 20. Qd3 Qd6 21. g3 a5 22.
Na4 g6 23. Nb6 Rad8 24. f5 Kg7 25. fxg6 fxg6 26. f4 Qc7 27. Na4 Qf7 28. Nc5 b6 29. Rxe8 Rxe8 30. Nb3 Re4 31. Nd2 Rxd4 32. Qc3 c5 33.
Rf2 Re4 34. Qc2 Re1+ 35. Kg2 Bd4 36. Rf1 Re2+ 37. Kf3 Rxh2 38. Qd3 Qf5 39. Qxf5 gxf5 40. Nb3 Rxb2 41. Nxd4 cxd4 42. Rd1 Rb3+ 43. Kf2 d3 44.
Ke1 Rxa3 45. Kd2 Rb3 46. Rc1 a4 47. Rc7+ Kg6 48. Rd7 a3 49. Rxd5 a2 50. Rd6+ Kh5 0-1

[Event "Live Chess"]
[Site "Chess.com"]
[Date "2024.06.01"]
[Round "-"]
[White "IanCalvert2"]
[Black "gobbles19"]
[Result "1-0"]
[WhiteElo "1559"]
[BlackElo "2214"]
[TimeControl "300"]
[EndTime "13:11:23 PDT"]
[Termination "IanCalvert2 won by resignation"]

1. b3 e5 2. Bb2 d6 3. d4 Nc6 4. dxe5 dxe5 5. Qxd8+ Kxd8 6. Nf3 Bd6 7. Nc3 Nge7 8.
O-O-O Ng6 9. Ne4 Ke7 10. Nxd6 cxd6 11. e4 f5 12. Bd3 f4 13. g3 Rf8 14. Be2 Bg4 15. Rhf1 Rac8 16. Ng1 Be6 17. c4 a6 18. h4 b5 19. cxb5 axb5 20. Kb1 b4 21. Rc1 Kf7 22. Bc4 Nge7 23. gxf4 exf4 24. Nf3 Ng6 25. Ng5+ Ke7 26.
Bxe6 Rc7 27. Bd5 1-0

[Event "Live Chess"]
[Site "Chess.com"]
[Date "2024.06.01"]
[Round "-"]
[White "blunderabit"]
[Black "DoctorMantisTobogganMD"]
[Result "0-1"]
[WhiteElo "1807"]
[BlackElo "2172"]
[TimeControl "300"]
[EndTime "13:11:28 PDT"]
[Termination "DoctorMantisTobogganMD won on time"]

1. e4 c6 2. d4 g6 3. Nc3 Bg7 4. Nf3 d5 5. h3 Nf6 6. Bd3 dxe4 7. Nxe4 Nxe4 8. Bxe4 Nd7 9. O-O O-O 10. c3 e5 11. Be3 exd4 12. Bxd4 Bxd4 13. Qxd4 Nb6 14. Rad1 Qxd4 15. Rxd4 Be6 16. b3 Rfd8 17. Rfd1 Rxd4 18. Rxd4 Re8 19. Bc2 Kg7 20. c4 Re7 21. Re4 Rd7 22.
Re2 Rd8 23. Kf1 h6 24. Ke1 Kf6 25. Rd2 Rxd2 26. Kxd2 Nd7 27. Nd4 a6 28. f4 c5 29.
Nxe6 Kxe6 30. Ke3 f5 31. Bd1 Kd6 32. Bf3 b6 33. Bb7 a5 34. Bd5 Ke7 35. Kf3 Nf6 36.
Bc6 Kd6 37. Ba8 Ne8 38. Bd5 Ke7 39. g4 Kf6 40. gxf5 gxf5 41. Bc6 Nd6 42. Ke3 Kg6 43. Kf3 Kh5 44. Bd7 Kg6 45. Ke3 Ne4 46. Be8+ Kf6 47. Bh5 Nc3 48. a3 Nb1 49. a4 Nc3 50.
Kd3 Ne4 51. Ke3 Nd6 52. Bf3 Nc8 53. Bd5 Ne7 54. Bf3 Ng6 55. Bh5 Nf8 56. Bf3 Ne6 57. Bh5 Nd4 0-1

[Event "Live Chess"]
[Site "Chess.com"]
[Date "2024.06.01"]
[Round "-"]
[White "GEMdzq"]
[Black "booktrunk"]
[Result "1-0"]
[WhiteElo "2266"]
[BlackElo "1388"]
[TimeControl "300"]
[EndTime "13:11:45 PDT"]
[Termination "GEMdzq won by resignation"]

1. e4 b6 2. d4 e6 3. Nf3 Ba6 4. Bxa6 Nxa6 5. O-O c6 6. Qe2 Nc7 7. c4 Bb4 8. a3 Be7 9. Nc3 f6 10. d5 cxd5 11. exd5 exd5 12. cxd5 d6 13. Re1 Qd7 14. Nd4 O-O-O 15. Qa6+ Kb8 16. Nc6+ 1-0